[Event "Kvika Banki League Iceland 2022-23"]
[Site "Reykjavik"]
[Date "2022.10.15"]
[Round "3.15"]
[White "Domalchuk-Jonasson, Aleksandr"]
[Black "Petersson, Baldur Teodor"]
[Result "1-0"]
[ECO "A57"]
[WhiteElo "2300"]
[BlackElo "2230"]
[Annotator "TA"]
[PlyCount "65"]
[EventDate "2022.10.13"]
[EventType "team-tourn"]
[EventCountry "ISL"]
[SourceTitle "playchess.com"]
[Source "ChessBase"]
[SourceQuality "1"]
[TimeControl "5400+30"]

1. d4 Nf6 2. c4 c5 3. d5 b5 4. cxb5 a6 5. e3 g6 6. Nc3 {[%emt 0:00:38] A57: Benko/Volga Gambit.} axb5 7. Bxb5 Ba6 8. Bxa6 {[%emt 0:14:59] White is more active. White is better.} Nxa6 9. Nf3 d6 10. O-O Bg7 11. e4 Nd7 12. Be3 O-O {[%emt 0:05:24] [#]} 13. Nd2 $146 ({Predecessor:} 13. Qe2 Qb6 14. Rab1 Rfb8 15. Nd2 Qb7 16. Rfc1 Nc7 17. a3 Qa6 18. Qxa6 Rxa6 19. f4 f5 20. Kf2 {½-½ (36) Essing,A (1935)-Boehle,L (2015) Germany 1989}) 13... Qb8 14. Rb1 Nc7 15. Qc2 Nb5 16. Nxb5 Qxb5 17. b3 $1 Qa6 18. a4 Rfb8 19. Nc4 Rb7 ({Better is} 19... Ne5 $14) 20. Bd2 $16 Rc7 21. h3 Ne5 22. a5 Rb8 23. Bc3 Nd7 (23... Nxc4 $16 24. bxc4 Rcb7 25. Rxb7 Rxb7) 24. Bxg7 $18 Kxg7 25. f4 Nf6 26. Rbd1 Rcb7 27. Rf3 Rb4 28. e5 Ne8 29. f5 {[%emt 0:01:37] [#] Threatens to win with fxg6.} Qb5 (29... dxe5 $142 30. Nxe5 g5) 30. f6+ exf6 31. exf6+ Kg8 32. Re1 Qb7 33. Qd2 {[%emt 0:00:56] Weighted Error Value: White=0.08 (flawless) /Black=0.29 (precise)} 1-0

[Event "Kvika Banki League Iceland 2022-23"]
[Site "Reykjavik"]
[Date "2022.10.15"]
[Round "3.16"]
[White "Ptacnikova, Lenka"]
[Black "Mai, Alexander Oliver"]
[Result "0-1"]
[ECO "B13"]
[WhiteElo "2055"]
[BlackElo "2183"]
[Annotator "TA"]
[PlyCount "90"]
[EventDate "2022.10.13"]
[EventType "team-tourn"]
[EventCountry "ISL"]
[SourceTitle "playchess.com"]
[Source "ChessBase"]
[SourceQuality "1"]
[TimeControl "5400+30"]

1. d4 Nf6 2. Nc3 d5 3. Bf4 c5 4. e3 cxd4 5. exd4 a6 6. Nf3 {[%emt 0:02:49] B13: Caro-Kann: Exchange Variation and Panov-Botvinnik Attack.} Nc6 7. Ne5 Bd7 8. Nxc6 {[%emt 0:04:56] The position is equal. 8.g4 is becoming the main line.} Bxc6 9. Be2 e6 10. Qd3 b5 11. a3 {[%emt 0:03:35] [#]} Be7 $146 ({Predecessor:} 11... Bd6 12. Bxd6 Qxd6 13. Qg3 Ke7 14. Qxg7 Rhg8 15. Qh6 Rxg2 16. Qh4 Rag8 17. O-O-O R2g5 {0-1 (35) Bern,I (2301)-Blomqvist,E (2536) Norway 2020}) 12. Qg3 O-O 13. Bc7 Qd7 14. Be5 a5 15. O-O b4 16. axb4 axb4 17. Rxa8 Rxa8 18. Nd1 Ne8 (18... g6 {is interesting.} 19. Qh3 Ne4 20. f3 Nd6) 19. h4 Bf8 20. h5 Bb5 21. Bxb5 Qxb5 22. Ne3 f6 23. Bf4 Qe2 24. Qh3 Kf7 {[%emt 0:01:33] Black is more active.} 25. Nxd5 Qe4 $36 {[%emt 0:11:01][%mdl 2048] White is under strong pressure.} 26. Nc7 (26. Nb6 $2 Ra6 27. Nc4 Qxf4 $19) 26... Rc8 27. Qg3 ({Don't blunder} 27. Nxe8 $2 Qxf4 28. Nxg7 (28. g3 $2 Qxd4 29. Nxg7 Kxg7 $19) 28... Bxg7 $19) 27... Nxc7 28. Bxc7 Qxd4 ({Much weaker is} 28... Qxc2 $6 29. Bd6 $11) 29. c3 bxc3 30. bxc3 Qc5 31. Bf4 Qxh5 32. Qd3 {[%emt 0:01:31] [#] Inhibits Rc4. Black must now prevent Qd7+.} Be7 33. Re1 Qg4 34. Bg3 (34. Be3 $17) 34... h5 $19 35. Re4 Qf5 36. c4 Rd8 37. Qe2 Bc5 38. Rf4 $2 (38. Rh4) 38... Qg6 $2 (38... Qb1+ $19 39. Kh2 g5) 39. Re4 $2 {[%emt 0:01:23] This costs White the game.} (39. Kh2 $17) 39... Qxg3 40. Qxh5+ Qg6 41. Qxg6+ Kxg6 42. Rxe6 Rd1+ 43. Kh2 Bxf2 {[%emt 0:00:10] [#] ( -> ...Kf5)} 44. Re2 Bc5 45. Rc2 Kf5 {[%emt 0:00:24] Weighted Error Value: White=0.68/Black=0.19 (very precise)} 0-1

[Event "Kvika Banki League Iceland 2022-23"]
[Site "Reykjavik"]
[Date "2022.10.15"]
[Round "3.17"]
[White "Heimisson, Hilmir Freyr"]
[Black "Dziuba, Marcin"]
[Result "1/2-1/2"]
[ECO "E97"]
[WhiteElo "2293"]
[BlackElo "2569"]
[Annotator "TA"]
[PlyCount "67"]
[EventDate "2022.10.13"]
[EventType "team-tourn"]
[EventCountry "ISL"]
[SourceTitle "playchess.com"]
[Source "ChessBase"]
[SourceQuality "1"]
[TimeControl "5400+30"]

1. c4 Nf6 2. Nc3 g6 3. e4 d6 4. d4 Bg7 5. Nf3 O-O 6. Be2 e5 7. O-O Nc6 8. d5 Ne7 9. b4 a5 10. bxa5 Rxa5 11. a4 c5 {[%emt 0:03:20] E97: King's Indian: Classical Main Line (6...e5 7 0-0 Nc6): 8 Be3 and 8 d5 Ne7, not 9 Ne1.} (11... Nh5 $11) 12. Ra3 Nh5 {[%emt 0:05:25][%cal Bf6h5,Bh5f4,Bf4h3][%mdl 32] 12...Ne8 is becoming the main line.} 13. Re1 h6 {[%emt 0:03:45] White is better.} 14. Nd2 Nf4 {[%emt 0:00:50] [#]} 15. Bf1 $1 Ra6 16. Nb5 {[%emt 0:02:38] [#]} h5 $146 (16... Nh5 $14) ({Predecessor:} 16... g5 17. g3 Nfg6 18. Be2 f5 19. exf5 Nxf5 20. Bh5 Nh8 21. Rf3 Nd4 22. Nxd4 cxd4 {1-0 (30) Radovanovic,M (2438)-Brenjo,S (2409) Vrnjacka Banja 2022}) 17. Nf3 $16 f6 18. g3 (18. h4 $16) 18... Nh3+ $14 19. Kg2 (19. Bxh3 $5 Bxh3 20. Qc2 $11) 19... f5 20. Ng5 Nxg5 21. Bxg5 fxe4 22. Nc3 {[%emt 0:09:48] Active counter play!} Bg4 (22... e3 $11 23. Rxe3 Qe8) 23. Qb1 (23. Be2 $5 ) 23... Rb6 24. Rb3 {[%emt 0:02:57] Dancing on a razor blade.} Rxb3 25. Qxb3 Qd7 {[%emt 0:02:12] [#] ...Nf5 is the strong threat.} 26. Bxe7 Qxe7 27. Nxe4 Rf7 28. Kg1 h4 29. Bg2 Bf5 30. Qb6 Bf8 31. Qb3 Bh6 32. Qb6 Bf8 $1 33. Qb3 Bh6 34. Qb6 {[%emt 0:01:06] Weighted Error Value: White=0.18 (very precise) /Black=0.18 (very precise)} (34. Rb1 $14) 1/2-1/2

[Event "Kvika Banki League Iceland 2022-23"]
[Site "Reykjavik"]
[Date "2022.10.15"]
[Round "3.18"]
[White "Pakleza, Zbigniew"]
[Black "Jensson, Einar Hjalti"]
[Result "1/2-1/2"]
[ECO "B13"]
[WhiteElo "2496"]
[BlackElo "2331"]
[Annotator "TA"]
[PlyCount "118"]
[EventDate "2022.10.13"]
[EventType "team-tourn"]
[EventCountry "ISL"]
[SourceTitle "playchess.com"]
[Source "ChessBase"]
[SourceQuality "1"]
[TimeControl "5400+30"]

1. Nf3 d5 2. d4 c5 3. e3 Nc6 4. c4 cxd4 5. exd4 Nf6 6. Nc3 Bg4 7. Be3 e6 8. Be2 dxc4 {[%emt 0:01:23] B13: Caro-Kann: Exchange Variation and Panov-Botvinnik Attack.} 9. Bxc4 Be7 10. h3 Bh5 {[%emt 0:00:17] Black is slightly better.} (10... Bxf3 {looks sharper.} 11. Qxf3 Nxd4 12. Bxd4 Qxd4 13. Qxb7 O-O) 11. O-O O-O 12. g4 Bg6 13. Ne5 Rc8 14. Nxg6 hxg6 {[%emt 0:00:18] [#]} 15. Bb3 $146 ({Predecessor:} 15. Rc1 Bd6 16. g5 Nh5 17. Ne4 Bb8 18. Qg4 Ne7 19. Rfd1 Nd5 20. Bxd5 Qxd5 21. Nc3 {0-1 (35) Blazkova,P (2224)-Markovic,I (2194) Czech Republic 2008}) 15... Qd7 16. d5 Nxd5 17. Nxd5 exd5 18. Qxd5 Qxd5 19. Bxd5 Bf6 20. g5 Be5 21. Rad1 b6 ({But not} 21... Bxb2 22. Rb1 Be5 23. Rxb7 $14) 22. b3 Rfd8 (22... Nb4 $11 {keeps the balance.}) 23. Bxc6 $16 {[%emt 0:04:53] A strong pair of Bishops.} Rxd1 24. Rxd1 Rxc6 {[%emt 0:00:09][%mdl 4096] Endgame KRB-KRB} 25. Rd8+ Kh7 26. Rd7 $1 Rc7 27. Rxc7 Bxc7 $18 {[%emt 0:00:02] KB-KB} 28. Kg2 (28. Kf1 $142) 28... Kg8 (28... f5 $16) 29. Kf3 {[%emt 0:00:10] And now Ke4 would win.} Kf8 30. Ke4 $1 Ke8 31. Kd5 {[%emt 0:02:50] Kc6 is the strong threat.} Kd7 {[%emt 0:00:03] [#]} 32. Bd4 $1 Bd8 33. h4 ({Weaker is} 33. Bxg7 Bxg5 34. Be5 a6 $11) 33... f6 $2 (33... Be7 34. Bxg7 Bb4) 34. f4 Be7 35. a4 fxg5 (35... Bd8 $142 36. Bb2 Be7) 36. hxg5 Bd6 {[%emt 0:00:58] [#]} 37. Be5 $1 Bf8 38. Bc3 Bd6 39. Be5 Bf8 40. f5 gxf5 41. g6 a6 42. Bd4 b5 (42... f4 $142) 43. axb5 axb5 44. Ke5 f4 45. Kxf4 Ke6 46. Ke4 {[%emt 0:00:17] White is more active.} Bb4 47. Bxg7 Bd2 48. Bd4 b4 49. Kd3 Be1 50. Kc4 Bd2 51. Bb2 Be1 52. Bg7 (52. Ba1 $16) 52... Kf5 $11 {[%emt 0:00:31] The position is equal.} 53. Bf8 Kxg6 54. Bxb4 Bh4 55. Bc3 {[%emt 0:00:16] Black must now prevent b4.} Kf7 56. Kd5 Be7 57. Bd4 {[%emt 0:00:10] Strongly threatening Bc5.} Bb4 58. Bc5 Be1 59. b4 Bxb4 {[%emt 0:00:12] Blacks defense is rewarded with a draw.  Weighted Error Value: White=0.19 (very precise) /Black=0.27 (precise)} 1/2-1/2

[Event "Kvika Banki League Iceland 2022-23"]
[Site "Reykjavik"]
[Date "2022.10.15"]
[Round "3.19"]
[White "Gislason, Gudmundur"]
[Black "Hjartarson, Johann"]
[Result "1/2-1/2"]
[ECO "D02"]
[WhiteElo "2293"]
[BlackElo "2468"]
[Annotator "TA"]
[PlyCount "48"]
[EventDate "2022.10.13"]
[EventType "team-tourn"]
[EventCountry "ISL"]
[SourceTitle "playchess.com"]
[Source "ChessBase"]
[SourceQuality "1"]
[TimeControl "5400+30"]

1. d4 Nf6 2. Nf3 g6 3. g3 Bg7 4. Bg2 O-O 5. O-O d5 6. b3 c6 7. Bb2 {[%emt 0:00:09] D02: 1 d4 d5 2 Nf3 sidelines, including 2...Nf6 3 g3 and 2...Nf6 3 Bf4.} a5 8. a4 Bf5 9. e3 {[%emt 0:02:14] White has an edge.} Na6 {[%emt 0:03:11] [#]} 10. Ne5 $146 ({Predecessor:} 10. Na3 Rc8 11. Qe2 Qb6 12. Rfc1 Rfd8 13. h3 c5 14. Nb5 Be4 15. Nd2 Bxg2 16. Kxg2 {½-½ (65) Rahman,Z (2419)-Koustav,C (2431) Dhaka 2021}) 10... Qc8 11. Nc3 Bh3 12. Ba3 Bxg2 13. Kxg2 Re8 14. Qf3 Qf5 (14... Qe6 $11) 15. g4 (15. Qxf5 $14 {is more appropriate.} gxf5 16. Ne2) 15... Qxf3+ 16. Kxf3 c5 17. g5 cxd4 18. gxf6 exf6 19. Nxg6 hxg6 20. Nxd5 Rad8 21. Ne7+ {[%emt 0:17:57] [#]} (21. Nb6 $11) 21... Kh7 $19 {[%emt 0:00:31] Strongly threatening ...Nb4.} 22. Rfe1 $2 (22. exd4 Nb4 23. c3) 22... Nb4 {[%emt 0:01:59] Black has a decisive advantage.} 23. Bxb4 axb4 24. exd4 Rd7 {[%emt 0:01:03] Weighted Error Value: White=0.40/Black=0.08 (flawless)} ({Not} 24... Rxd4 25. a5 $17) 1/2-1/2

[Event "Kvika Banki League Iceland 2022-23"]
[Site "Reykjavik"]
[Date "2022.10.15"]
[Round "3.20"]
[White "Thorfinnsson, Bragi"]
[Black "Briem, Benedikt"]
[Result "1-0"]
[ECO "C00"]
[WhiteElo "2421"]
[BlackElo "2208"]
[Annotator "TA"]
[PlyCount "79"]
[EventDate "2022.10.13"]
[EventType "team-tourn"]
[EventCountry "ISL"]
[SourceTitle "playchess.com"]
[Source "ChessBase"]
[SourceQuality "1"]
[TimeControl "5400+30"]

1. e4 e6 2. d3 d5 3. Nd2 Nf6 4. g3 Be7 5. Bg2 c5 6. Ngf3 Nc6 7. O-O O-O 8. Qe2 b5 9. c3 {[%emt 0:13:25] C00: French: Unusual White 2nd moves.} b4 10. e5 Nd7 11. c4 {[%emt 0:00:25] [#] Black is slightly better.} dxc4 $146 (11... a5 {seems wilder.} 12. a4 bxa3 13. b3 a2) ({Predecessor:} 11... Nb6 12. h4 a5 13. b3 a4 14. Rb1 Ra7 15. Re1 Rd7 16. Bf1 Bb7 17. Bb2 Qa8 {0-1 (40) Stefanopoulos,O (2267)-Mastrovasilis,D (2462) Kavala 2002}) 12. dxc4 Qc7 13. Nb3 Bb7 14. Bf4 Nb6 15. h4 Rfd8 16. Rac1 (16. Ng5 {feels hotter.} Nd4 17. Nxd4 Rxd4 18. b3) 16... a5 17. h5 h6 18. Rfe1 Bf8 19. g4 a4 20. Nbd2 Nd4 ({Black should try} 20... Be7 $11) 21. Nxd4 $14 Rxd4 22. Bxb7 Qxb7 23. Ne4 (23. Be3 $5 ) 23... Qa6 24. b3 (24. Qf3 $5 ) 24... axb3 25. axb3 Qa2 26. Qf3 Ra3 $1 27. Re3 Qb2 28. Rce1 Qc2 29. g5 {[%emt 0:08:36] [#]} (29. Nd6 $11) 29... hxg5 (29... Nxc4 $1 $15 30. bxc4 Rxe3 31. Qxe3 hxg5 32. Bxg5 b3) 30. Bxg5 $11 Nd7 $2 (30... Nxc4 $1 $11 31. bxc4 Rxe3 32. Rxe3 (32. Qxe3 b3 $11) 32... b3) 31. Bf4 $16 Kh8 $2 {[%emt 0:01:50][%mdl 8192] A mistake that costs the game.} (31... Rxe4 $16 {is tougher.} 32. Qxe4 Qxe4 33. Rxe4 Rxb3) 32. h6 $18 {[%emt 0:06:36] And now hxg7+ would win.} gxh6 (32... Rxe4 $142 33. Rxe4 Rxb3) 33. Qh5 Rxe4 34. Rxe4 Ra1 35. Rxa1 {[%emt 0:03:23][%cal Oa1d1] [#] Rd1! would kill now.} Qxe4 36. Qxf7 {[%emt 0:00:08] aiming for Rd1.} Qf3 {[%emt 0:00:44] Prevents Rd1.} 37. Ra7 {[%emt 0:01:45] White mates.} Qg4+ 38. Bg3 Qd1+ 39. Kh2 Qh5+ 40. Qxh5 {[%emt 0:00:07] Weighted Error Value: White=0.10 (very precise) /Black=0.61} 1-0

[Event "Kvika Banki League Iceland 2022-23"]
[Site "Reykjavik"]
[Date "2022.10.15"]
[Round "3.21"]
[White "Briem, Stephan"]
[Black "Jakubiec, Artur"]
[Result "0-1"]
[ECO "E61"]
[WhiteElo "2083"]
[BlackElo "2435"]
[Annotator "TA"]
[PlyCount "106"]
[EventDate "2022.10.13"]
[EventType "team-tourn"]
[EventCountry "ISL"]
[SourceTitle "playchess.com"]
[Source "ChessBase"]
[SourceQuality "1"]
[TimeControl "5400+30"]

1. d4 Nf6 2. c4 d6 3. Nf3 g6 4. Nc3 Bg7 5. Bg5 h6 6. Bh4 O-O 7. e3 c6 8. Be2 Nfd7 {[%emt 0:05:45] [#] E61: King's Indian: Early deviations for White, including Smyslov System.} 9. Qc2 $146 ({Predecessor:} 9. g4 Re8 10. Qc2 c5 11. d5 Na6 12. Nd2 Rb8 13. f4 b5 14. cxb5 Nc7 15. e4 a6 16. a4 axb5 17. axb5 {0-1 (33) Lputian,S (2495)-Lanka,Z (2345) Jurmala 1983}) 9... a6 10. O-O b5 {[%emt 0:08:08] White is slightly better.} 11. Rfd1 Nf6 12. h3 Nbd7 13. b4 ({White should try} 13. Rac1 $16) 13... bxc4 $11 14. Bxc4 a5 15. a3 Nb6 16. Bb3 {[%emt 0:03:06] Bxf6 is the strong threat.} Nfd5 17. e4 Nf4 (17... axb4 $11 {remains equal.} 18. exd5 (18. Nxd5 cxd5 19. axb4 Be6 $11) 18... Bf5) 18. Na4 (18. Bg3 $16 Ne6 19. e5) 18... Nxa4 19. Bxa4 axb4 20. axb4 g5 (20... Bb7 $11 {keeps the balance.}) 21. Bg3 $16 Nh5 22. Bh2 (22. Bxc6 Rxa1 23. Rxa1 Nxg3 24. fxg3 Qb6 $11) (22. Qxc6 $6 Ra6 23. Qb5 Nxg3 24. fxg3 Rb6 $11) 22... g4 (22... Qb6 $142) 23. hxg4 Bxg4 {[%emt 0:00:06] [#]} 24. Bxc6 $2 (24. Qxc6 $6 e5 $14) (24. e5 $1 $16) 24... Rxa1 $11 25. Rxa1 Bxf3 {[%emt 0:01:54][%mdl 64] Remove Defender} 26. gxf3 {[%emt 0:00:10] Black must now prevent Ra8.} Qb6 (26... Bxd4 $11 27. Ra8 Qb6) 27. e5 {[%emt 0:18:48] Hoping for b5.} ({Of course not} 27. Ra5 Rc8 28. Rxh5 Rxc6 $11) 27... Qxb4 28. Qf5 (28. f4 $16) 28... Qc3 (28... Qxd4 $11 29. Rb1 Qh4) 29. Ra8 (29. Ra6 $14 Qc1+ 30. Kg2 Qg5+ 31. Qxg5 hxg5 32. exd6 exd6 33. Bxd6) 29... Qxc6 {[%emt 0:01:54] Dancing on a razor blade.} (29... Qc1+ {keeps more tension.} 30. Kg2 Qxc6 31. Rxf8+ Bxf8 32. Qxh5 d5) 30. Rxf8+ Kxf8 31. Qxh5 {[%emt 0:00:13][%mdl 4096] Endgame KQB-KQB} d5 32. Qg4 Qg6 33. Bg3 Kg8 34. Bh4 e6 35. Kf1 Kh7 36. Be7 h5 37. Qh4 Bh6 38. Bf6 Qf5 39. Kg2 Bd2 40. Kg3 ({Much worse is} 40. Qg3 Qg6 41. Kh3 Qxg3+ 42. fxg3 Be3 $19) (40. Qh1 $11) 40... Kh6 $15 {[%emt 0:02:37] Threatens to win with ...Bg5.} 41. Kg2 {[%emt 0:00:36] [#]} (41. Qh1 $1 $15) 41... Qf4 $2 (41... Qg6+ $1 $19 42. Kh3 Qg1) 42. Qh3 $1 $11 Bc3 (42... Qxd4 {gets mated.} 43. Qg3) 43. Kh1 Qc1+ 44. Kh2 {[%emt 0:00:17] Threatening mate with Qg3.} Bd2 (44... Bxd4 45. Qg3 Bxe5 46. Bxe5 Qg5 47. Bf4) 45. Qg2 (45. Kg2 $15) 45... Bg5 $17 46. Bxg5+ Qxg5 {[%emt 0:00:06] KQ-KQ} 47. Qf1 (47. Qg3 $17) 47... Qf4+ 48. Kg2 Qxd4 49. Qe2 Qf4 50. Qb2 h4 51. Qb8 h3+ 52. Kg1 Qg5+ 53. Kf1 Kg7 {[%emt 0:00:12] What a bad dream for White.  Weighted Error Value: White=0.74/Black=0.23 (precise)} 0-1

[Event "Kvika Banki League Iceland 2022-23"]
[Site "Reykjavik"]
[Date "2022.10.15"]
[Round "3.22"]
[White "Gunnarsson, Jon Viktor"]
[Black "Einarsson, Halldor Gretar"]
[Result "1-0"]
[ECO "D00"]
[WhiteElo "2447"]
[BlackElo "2226"]
[Annotator "TA"]
[PlyCount "55"]
[EventDate "2022.10.13"]
[EventType "team-tourn"]
[EventCountry "ISL"]
[SourceTitle "playchess.com"]
[Source "ChessBase"]
[SourceQuality "1"]
[TimeControl "5400+30"]

1. d4 Nf6 2. Nc3 d5 3. Bf4 g6 4. Nf3 Bg7 5. e3 c6 6. h3 O-O 7. Be2 {[%emt 0:02:13] is now debated instead of 7.Bd3.} Qb6 {[%emt 0:07:43] D00: 1 d4 d5: Unusual lines.} 8. Rb1 {[%emt 0:09:02] [#]} Re8 $146 ({Predecessor:} 8... Nbd7 9. O-O Re8 10. Bh2 Nf8 11. b4 Bf5 12. Nd2 N6d7 13. Na4 Qd8 14. Nc5 Nxc5 15. bxc5 {½-½ (37) Aronian,L (2781)-Nepomniachtchi,I (2784) chess24.com INT 2020}) 9. O-O Nfd7 {[%emt 0:05:33] White is slightly better.} 10. e4 dxe4 11. Nxe4 Qa5 (11... Nf6 $14 12. Nxf6+ exf6) 12. Bd2 {[%emt 0:04:12] White is more active.} Qc7 13. Bc4 Nb6 14. Bb3 N8d7 $2 {[%emt 0:06:42] [#] A mistake that costs the game.} (14... a5 $14) 15. Bxf7+ $1 $18 Kxf7 {[%emt 0:00:06] [#]} 16. Nfg5+ $1 Kg8 {[%emt 0:00:15] ...Nf6 is the strong threat.} 17. Ne6 (17. Qf3 $2 Nf6 18. Qb3+ (18. Bf4 $2 Qd8 $19) 18... Nbd5 $19) 17... Qb8 18. Bf4 Be5 19. dxe5 Nxe5 $2 (19... Nd5 {was called for.} 20. Bg3 Nf8) 20. N6c5 Bf5 21. Qe2 {[%emt 0:06:17] Hoping for Ng3.} Rf8 22. Nd2 Qd6 23. Nxb7 (23. Bxe5 Qxc5 24. Rbc1 Nd7 $16) 23... Qb4 24. Qxe5 Nd7 {[%emt 0:00:41] Inhibits Nc5.} 25. Qe3 ({Less strong is} 25. Qc7 Rac8 26. a3 Rxc7 27. axb4 Rxb7 $16) 25... Qxb7 26. Bh6 ({Don't play} 26. Qxe7 $6 Rae8 27. Qd6 Rf6 $16) 26... Rfe8 $2 (26... Rf7 27. Nf3 e5) 27. g4 Bxc2 28. Qc3 {[%emt 0:00:08] Weighted Error Value: White=0.12 (very precise) /Black=0.56} 1-0

[Event "Kvika Banki League Iceland 2022-23"]
[Site "Reykjavik"]
[Date "2022.10.15"]
[Round "3.23"]
[White "Ornolfsson, Magnus P."]
[Black "Kjartansson, David"]
[Result "1-0"]
[ECO "B33"]
[WhiteElo "2154"]
[BlackElo "2316"]
[Annotator "TA"]
[PlyCount "75"]
[EventDate "2022.10.13"]
[EventType "team-tourn"]
[EventCountry "ISL"]
[SourceTitle "playchess.com"]
[Source "ChessBase"]
[SourceQuality "1"]
[TimeControl "5400+30"]

1. e4 c5 2. Nf3 Nc6 3. d4 cxd4 4. Nxd4 Nf6 5. Nc3 Qb6 6. Nb3 e6 7. Be3 Qc7 8. a3 a6 9. f4 d6 10. Be2 b5 11. Bf3 {[%emt 0:01:44] B33: Sicilian: Pelikan and Sveshnikov Variations.} Rb8 12. O-O Be7 13. Qe2 {[%emt 0:04:07] [#] The position is equal.} Nd7 $146 ({Predecessor:} 13... O-O 14. g4 Nd7 15. g5 Re8 16. h4 Bf8 17. Qg2 Nb6 18. Rae1 Nc4 19. Bc1 a5 {0-1 (36) Ivic,M (2267)-Kurajica,B (2527) Bol 2015}) 14. Rad1 Nb6 15. Bxb6 Qxb6+ 16. Kh1 O-O {[%emt 0:15:57] [#]} 17. Nd5 $1 exd5 18. exd5 Bf6 {[%emt 0:01:25] Strongly threatening ...Na5.} 19. dxc6 Bxb2 20. Be4 ({Much weaker is} 20. Rxd6 Bxa3 21. Rdd1 Be6 $11) (20. Qd3 $14) 20... Be6 $11 {[%emt 0:13:30] And now ...Bc4 would win.} 21. Qh5 (21. Nd2 $11 {remains equal.}) 21... g6 $36 {[%emt 0:01:11][%mdl 2048] Keeping White busy.} 22. Qh6 (22. Qf3 $142) 22... Bg7 {[%emt 0:03:22] A strong pair of Bishops.} (22... Bxa3 $2 23. f5 Bb2 24. fxe6 fxe6 25. c3 Bxc3 26. Qh3 $18) 23. Qg5 Bc4 24. f5 (24. Rfe1 $17) 24... Rbe8 (24... Bxf1 $19 {has better winning chances.} 25. Rxf1 Rbe8) 25. Bd3 Re5 ({But not} 25... Qxc6 $6 26. f6 Re5 27. Nd4 $11) (25... Be5 $17 26. Qh6 Bf6) 26. Bxc4 $11 bxc4 27. Nd4 Rfe8 28. c3 Qc5 29. Qf4 Re4 30. Qf2 g5 (30... Bxd4 $11 {and Black has nothing to worry.} 31. Rxd4 Re2) 31. f6 $18 Rf4 {[%emt 0:00:35] [#]} 32. Rde1 $2 (32. Qg3 $1 $18 Rxf6 33. Qg4 Rxf1+ 34. Rxf1 Bxd4 35. Qd7) 32... Re5 $2 (32... Rxe1 $11 33. Qxe1 Bxf6 34. Rxf4 gxf4) 33. Qb2 {[%emt 0:00:23] White is clearly winning.} Bf8 34. Qb8 {[%emt 0:00:07] Threatens to win with c7.} Rxe1 35. Rxe1 {[%emt 0:00:06] Intending c7 and mate.} Qe5 36. Rg1 {[%emt 0:01:30] White wants to mate with c7.} Re4 37. c7 Re1 38. Nf3 {[%emt 0:00:19] What a bad dream for Black.  Weighted Error Value: White=0.34/Black=0.35} (38. c8=Q $2 {gets mated.} Rxg1+ 39. Kxg1 Qe1#) 1-0

[Event "Kvika Banki League Iceland 2022-23"]
[Site "Reykjavik"]
[Date "2022.10.15"]
[Round "4.1"]
[White "Lomasov, Semyon"]
[Black "Dziuba, Marcin"]
[Result "1-0"]
[ECO "B62"]
[WhiteElo "2541"]
[BlackElo "2569"]
[Annotator "TA"]
[PlyCount "105"]
[EventDate "2022.10.13"]
[EventType "team-tourn"]
[EventCountry "ISL"]
[SourceTitle "playchess.com"]
[Source "ChessBase"]
[SourceQuality "1"]
[TimeControl "5400+30"]

1. e4 c5 2. Nf3 d6 3. d4 cxd4 4. Nxd4 Nf6 5. Nc3 Nc6 6. Bg5 e6 7. Qd3 Be7 {[%emt 0:09:52] 7...Bd7 is the modern continuation. B62: Sicilian: Richter-Rauzer: 6...e6: Unusual White 7th moves.} 8. O-O-O a6 9. Nxc6 bxc6 {[%emt 0:00:06] White is slightly better.} 10. Qg3 e5 11. f4 {[%emt 0:02:52] [#]} Nh5 $146 ({Predecessor:} 11... Qa5 12. fxe5 Nh5 13. Qh4 Bxg5+ 14. Qxg5 Qxe5 15. Qxe5+ dxe5 16. Rd6 Bd7 17. Bc4 Ke7 {1-0 (56) Nabaty,T (2658)-Westerberg,J (2546) Batumi 2019}) 12. Bxe7 Qxe7 13. Qd3 Nxf4 14. Qxd6 Qxd6 15. Rxd6 Bd7 16. Bc4 Ke7 17. Rhd1 Be8 18. g3 Nh5 (18... Nd5 $2 19. Nxd5+ cxd5 20. R1xd5 $18 (20. R6xd5 f6 $18)) 19. Na4 Nf6 20. Nc5 a5 21. a4 {[%emt 0:16:14] White has more active pieces. The black rooks are badly placed.} (21. R6d3 $16) 21... h5 (21... Ra7 $11) 22. R6d3 $14 h4 23. g4 {[%emt 0:05:48] Black must now prevent g5.} Nxg4 {[%emt 0:09:31] [#]} (23... Ra7 $1 $11 {keeps the balance.}) 24. Rg1 $1 $36 {[%emt 0:00:23][%mdl 2048] White is on the roll.} Nf6 25. Rxg7 Rh6 26. Rg5 Rh5 27. Rxh5 Nxh5 28. Rh3 Kd6 29. Nd3 f5 30. exf5 e4 31. Nf2 ({And not} 31. Rxh4 exd3 32. Bxd3 Bf7 $17) 31... Ke5 32. Rxh4 Nf6 33. Ng4+ Nxg4 34. Rxg4 {[%emt 0:00:02][%cal Of5f6][%mdl 4096] Endgame KRB-KRB} Bh5 35. Rh4 Bf3 {[%emt 0:00:16] [#]} 36. Kd2 $1 {[%emt 0:00:03] Hoping for Ke3.} Rd8+ 37. Ke3 {[%emt 0:00:08] And now Rh6 would win.} Rd1 38. f6 Kxf6 39. Rh6+ Ke5 40. Re6+ Kf5 41. Rxc6 Re1+ 42. Kf2 Rh1 43. Rc8 Kf4 (43... Rxh2+ $2 44. Ke3 $18) 44. Rf8+ Ke5 45. Ke3 {[%emt 0:00:31] Threatens to win with Re8+.} Rxh2 $2 {[%emt 0:00:50][%mdl 8192] This costs Black the game.} (45... Re1+ $1 $14 46. Kd2 Rh1) 46. Ra8 $18 Rxc2 47. Rxa5+ Kd6 48. b3 Rc1 49. Rd5+ Kc6 50. Rf5 {[%emt 0:00:49] a5 is the strong threat.} Rb1 (50... Rd1 $142 51. a5 Re1+ 52. Kd2 Rd1+ 53. Kc3 Bg2) 51. a5 Bd1 $2 (51... Bg4) 52. Rf1 Kc5 53. Kd2 {[%emt 0:01:06] Weighted Error Value: White=0.07 (flawless) /Black=0.18 (very precise)} 1-0